Map: Kairos Junction LE

Players

Sketchaphone - Winner!

  • Race: Zerg Zerg
  • League: Gold
  • Spawn Location: 11:00

iProblem

  • Race: Terran Terran
  • League: Platinum
  • Spawn Location: 5:00

VOD

Have the link to the VOD?

Description

Time

  • Played on: Jan. 21, 2019, 2:50 p.m.
  • Length: 16:56
Show
View Real Time Build Order
Export as new Build Order

Sketchaphone Zerg - Winner!

Build Orders: Hatch First, Swarm Host 

Get SALT Encoding   

  12  0:01  Drone  
  13  0:13  Overlord  
  13  0:16  Drone  
  14  0:23  Extractor  
  14  0:24  Drone  
  16  0:35  Drone  
  16  0:36  Drone  
  16  0:41  Extractor  
  16  0:45  Drone  
  17  1:03  Hatchery  
  16  1:07  Drone  
  16  1:10  Drone  
  18  1:26  Spawning Pool  
  17  1:39  Drone  
  18  1:41  Drone  
  19  1:58  Drone  
  19  1:59  Overlord  
  19  2:18  Spine Crawler  
  19  2:22  Hatchery  
  17  2:33  Spine Crawler  
  16  2:39  Zergling x4  
  16  2:41  Zergling x2  
  18  3:06  Queen  
  18  3:10  Roach Warren, Drone  
  20  3:21  Overlord  
  19  3:30  Zergling x4  
  20  3:53  Roach  
  20  3:54  Roach  
  24  3:57  Queen  
  24  4:00  Zergling x8  
  30  4:18  Drone x2  
  30  4:19  Metabolic Boost  
  32  4:27  Drone x2  
  34  4:31  Overlord  
  33  4:53  Spine Crawler  
  33  4:54  Spine Crawler  
  31  5:13  Overlord, Drone  
  30  5:18  Hatchery  
  27  5:25  Zergling x6  
  30  5:38  Drone x2  
  32  6:02  Roach  
  32  6:03  Roach x3  
  40  6:23  Hatchery  
  39  6:28  Overlord x2  
  39  6:30  Queen  
  39  6:31  Roach  
  43  6:36  Baneling Nest  
  43  6:38  Drone  
  43  6:53  Overlord  
  42  7:03  Drone x2  
  44  7:18  Drone x7  
  51  7:23  Baneling x2  
  51  7:25  Ravager  
  51  7:26  Ravager  
  53  7:36  Drone x4  
  57  7:38  Drone, Extractor  
  59  7:51  Roach x2  
  61  8:03  Drone x2  
  57  8:28  Roach  
  57  8:29  Roach x7  
  73  8:35  Zergling x2  
  73  8:37  Overlord x2  
  74  8:45  Extractor  
  74  8:46  Overlord  
  74  8:47  Drone  
  74  8:54  Hatchery  
  73  9:06  Roach  
  73  9:07  Roach  
  73  9:08  Lair  
  77  9:10  Drone x2  
  77  9:11  Drone  
  77  9:14  Drone x2  
  82  9:31  Roach x2  
  82  9:32  Roach  
  82  9:33  Queen  
  90  9:50  Drone  
  91  10:03  Zergling x14  
  91  10:05  Overlord x2  
  91  10:06  Glial Reconstitution  
  98  10:13  Infestation Pit  
  97  10:15  Hydralisk Den  
  96  10:28  Queen  
  97  10:37  Ravager  
  92  10:43  Ravager  
  74  11:03  Evolution Chamber x2  
  66  11:05  Grooved Spines  
  53  11:19  Overseer  
  53  11:25  Ravager  
  54  11:33  Hydralisk x3  
  54  11:35  Swarm Host x5  
  54  11:37  Zergling x14  
  82  11:47  Extractor  
  81  11:48  Evolution Chamber  
  80  12:02  Overseer  
  80  12:10  Baneling x4  
  80  12:11  Zergling x4  
  80  12:12  Overlord  
  82  12:18  Muscular Augments  
  82  12:24  Overlord, Drone  
  83  12:36  Roach x4  
  91  12:37  Overlord, Zergling x12  
  76  13:05  Hydralisk  
  76  13:06  Hydralisk x9  
  91  13:17  Drone, Extractor  
  91  13:18  Drone x2  
  93  13:21  Drone  
  94  13:28  Pneumatized Carapace  
  94  13:34  Hatchery  
  73  14:06  Hydralisk  
  73  14:07  Hydralisk x9  
  77  14:26  Drone  
  77  14:27  Overlord, Drone x3, Extractor  
  77  14:28  Overlord  
  77  14:29  Drone x2  
  82  14:57  Roach x8  
  98  15:04  Drone x3  
  101  15:08  Drone x2  
  101  15:12  Overseer  
  103  15:31  Roach x6  
  101  16:02  Roach x8  
  95  16:15  Roach x2  
  99  16:23  Lurker Den  
  99  16:25  Drone x2  
  102  16:26  Drone  
  102  16:27  Drone  
  102  16:30  Drone  
Show
View Real Time Build Order
Export as new Build Order

iProblem Terran 

Build Orders:  

Get SALT Encoding   

  12  0:07  SCV  
  13  0:19  SCV  
  14  0:29  Supply Depot  
  14  0:31  SCV  
  15  0:50  SCV  
  15  0:52  Barracks  
  15  0:56  Barracks  
  16  1:02  SCV  
  17  1:14  SCV  
  18  1:30  Supply Depot  
  18  1:32  SCV  
  19  1:39  Marine  
  20  1:43  Marine  
  21  1:54  Bunker  
  21  2:01  Marine x2  
  23  2:19  Marine x2  
  25  2:35  Bunker  
  25  2:37  Marine x2  
  25  2:43  Supply Depot  
  27  2:54  Marine  
  27  2:55  Marine  
  27  3:12  Marine x2  
  27  3:14  Refinery  
  27  3:16  Supply Depot  
  27  3:17  Refinery  
  28  3:30  Marine x2  
  25  3:48  Marine x2, SCV  
  28  4:00  SCV  
  29  4:12  SCV  
  29  4:26  Bunker  
  29  4:29  Supply Depot  
  23  5:40  Marine x2  
  22  5:46  Bunker  
  22  5:50  Factory  
  22  5:51  Barracks  
  22  5:57  Factory  
  22  5:58  Marine, SCV  
  24  6:10  SCV  
  25  6:22  Barracks Tech Lab  
  25  6:24  Barracks Reactor  
  24  6:34  Factory Reactor  
  24  6:44  Hellion  
  24  6:46  SCV  
  27  6:56  Marauder  
  27  6:58  SCV  
  30  7:02  Marine  
  30  7:03  Marine x2  
  33  7:09  Factory Reactor  
  33  7:10  SCV  
  33  7:11  Hellion x2  
  38  7:22  SCV  
  39  7:33  Barracks Reactor  
  39  7:35  Marauder, Marine x2  
  43  7:38  Hellion x2  
  43  7:40  SCV  
  48  7:46  Supply Depot  
  48  7:49  Engineering Bay  
  48  7:52  SCV  
  47  8:28  Factory Tech Lab  
  47  8:31  Marauder, Marine x4  
  47  8:32  Factory Tech Lab  
  53  8:37  Supply Depot  
  53  8:42  Starport  
  53  8:44  SCV  
  53  8:48  Supply Depot  
  54  9:03  Armory  
  54  9:04  Siege Tank x2  
  60  9:11  SCV  
  61  9:26  Starport Tech Lab  
  61  9:39  Stimpack  
  61  9:55  Marine  
  61  9:56  Marauder, Marine x3  
  61  9:59  Banshee  
  70  10:07  Orbital Command  
  41  11:57  Marauder, Marine x2  
  41  11:59  Siege Tank x2  
  51  12:04  Banshee  
  54  12:15  Marine  
  55  12:34  Command Center  
  55  12:47  Siege Tank  
  55  12:48  Siege Tank  
  61  12:54  Cloaking Field  
  44  13:12  Marauder, Marine x2  
  48  13:30  Marine  
  45  13:55  Bunker  
  38  14:04  Supply Depot  
  38  14:09  Marine x3  
  38  14:10  Marauder  
  35  14:17  SCV  
  36  14:24  SCV  
  36  14:27  Marine x2  
  36  14:28  Siege Tank  
  36  14:29  SCV  
  36  14:31  Marauder  
  45  14:39  SCV  
  45  14:41  SCV  
  46  15:00  Siege Tank  
  46  15:03  Starport  
  49  15:11  Missile Turret  
  49  15:12  Missile Turret  
  49  15:20  Marauder, Marine  
  52  15:23  SCV  
  52  15:24  SCV  
  54  15:32  Missile Turret  
  54  15:33  Missile Turret x2  
  54  15:34  Barracks  
  54  15:35  Barracks  
  53  15:38  Marine  
  44  15:53  Missile Turret, Viking  
  29  16:13  Bunker  
  29  16:15  Marauder, Marine  
  31  16:23  Viking  
  32  16:32  Marine  
Tags
 
Composition
Swarm Host
Matchup
TvZ
Replay Pack
init
Spawn Locations
Cross Positions
Add a new tag
Caveats
  • Supply blocks, unpowered buildings, or Contaminate may cause inaccurate times.
  • Supply counts are checked every 10 seconds.